 Dungeon Crawl Stone Soup version 0.26-a0-682-g294304f6e8 (webtiles) character file.

Game seed: 1896113997998298546

5728 lunkers the Frost Mage (level 10, -6/63 HPs)
             Began as a Vampire Ice Elementalist on Oct 21, 2020.
             Was a Priest of Vehumet.
             Mangled by an ice beast (13 damage)
             ... on level 10 of the Dungeon on Oct 22, 2020.
             The game lasted 00:27:49 (10903 turns).

lunkers the Frost Mage (Vampire Ice Elementalist)  Turns: 10903, Time: 00:27:50

Health: -6/63      AC: 16    Str:  7    XL:     10   Next: 48%
Magic:  11/22      EV: 11    Int: 20    God:    Vehumet [***...]
Gold:   470        SH:  0    Dex: 16    Spells: 15/26 levels left

rFire    . . .     SeeInvis +   x - +4 long sword (curse)
rCold    . . .     Faith    .   (no shield)
rNeg     . . .     Spirit   .   B - +0 troll leather armour
rPois    .         Reflect  .   C - +2 hat
rElec    .         Harm     .   s - +0 cloak (curse)
rCorr    .         Rampage  .   (no gloves)
MR       +....                  k - +0 pair of boots
Stlth    ++........             (no amulet)
HPRegen  0.80/turn              H - ring of fire
MPRegen  0.18/turn              p - ring of ice

@: icy armour, regenerating quickly, drained
A: fangs 3, see invisible, unbreathing
a: Exsanguinate, Renounce Religion


You were on level 10 of the Dungeon.
You worshipped Vehumet.
Vehumet was most pleased with you.
You visited 2 branches of the dungeon, and saw 11 of its levels.

You collected 470 gold pieces.

Inventory:

Hand Weapons
 n - a +3 hand axe
 x - a cursed +4 long sword (weapon)
 J - a +7 trident
Armour
 a - a +1 robe
 k - a +0 pair of boots (worn)
 l - a +0 helmet
 s - a cursed +0 cloak (worn)
 B - a +0 troll leather armour (worn)
 C - a +2 hat (worn)
Jewellery
 p - a ring of ice (right hand)
 u - an uncursed ring of ice
 H - a ring of fire (left hand)
Wands
 v - a wand of flame (15)
 y - a wand of polymorph (9)
 F - a wand of random effects (13)
 I - a wand of iceblast (18)
Scrolls
 b - 2 scrolls of enchant armour
 c - 2 scrolls of identify
 e - 2 scrolls of magic mapping {unknown}
 f - 11 scrolls of remove curse {unknown}
 g - a scroll of amnesia {unknown}
 i - a scroll of random uselessness {unknown}
 j - 5 scrolls of teleportation {unknown}
 m - 3 scrolls of fear {unknown}
 D - a scroll of enchant weapon {unknown}
 E - 2 scrolls of fog {unknown}
 K - a scroll of blinking {unknown}
Potions
 d - 2 potions of haste
 h - 2 potions of might
 o - 2 potions of flight
 q - 2 potions of heal wounds
 r - 3 potions of lignification
 t - a potion of mutation
 w - 2 potions of curing
 z - a potion of resistance
 A - 2 potions of stabbing
 G - a potion of berserk rage


   Skills:
 - Level 2.1(1.4) Dodging
 - Level 3.0(2.2) Stealth
 + Level 8.6(7.8) Spellcasting
 * Level 13.1(12.1) Ice Magic


You had 15 spell levels left.
You knew the following spells:

 Your Spells              Type           Power        Failure   Level
a - Freeze                Ice            ####         1%          1
b - Frozen Ramparts       Ice            ######       1%          3
c - Ozocubu's Armour      Ice            ######..     1%          3
d - Summon Ice Beast      Ice/Summ       #####...     11%         4

Your spell library contained the following spells:

 Spells                   Type           Power        Failure   Level
 Stone Arrow              Conj/Erth      #.....       11%         3
 Ensorcelled Hibernation  Hex/Ice        #####.       1%          2
 Foxfire                  Conj/Fire      ##..         3%          1
 Hailstorm                Conj/Ice       #####...     3%          4
 Conjure Flame            Conj/Fire      ##......     11%         3
 Dazzling Flash           Conj/Hex       #.....       11%         3
 Inner Flame              Hex/Fire       ##......     11%         3
 Corona                   Hex            #......      13%         1
 Sticky Flame             Conj/Fire      ##......     32%         4
 Confusing Touch          Hex            #.......     36%         3
 Tukima's Dance           Hex            #.......     36%         3
 Fireball                 Conj/Fire      ##........   63%         5


Dungeon Overview and Level Annotations

Branches:
Dungeon (10/15)            Temple (1/1) D:5             Orc (0/2) D:9
   Lair: D:8-11

Altars:
Ashenzari
Cheibriados
Dithmenos
Elyvilon
Fedhas
Gozag
Hepliaklqana
Kikubaaqudgha
Makhleb
Okawaru
Qazlal
Ru
Sif Muna
Trog
Uskayaw
Vehumet
Wu Jian
Xom
Yredelemnul
Zin
The Shining One

Shops:
D:6 :

Annotations:
D:4 1 runed translucent door, Demosthentine's ghost, novice FoFi


Innate Abilities, Weirdness & Mutations

Your natural rate of healing is unusually fast.
You have razor-sharp teeth.
You have supernaturally acute eyesight. (SInv)
You can survive without breathing.


Message History

You bite the ice beast, but do no damage.
The ice beast is severely wounded.
You barely miss the ice beast.
The ice beast is severely wounded.
The ice beast hits you.
* * * LOW HITPOINT WARNING * * *
The ice beast freezes you!
* * * LOW HITPOINT WARNING * * *
The ice beast misses you.
You barely miss the ice beast.
You bite the ice beast, but do no damage.
The ice beast is severely wounded.
The ice beast hits you but does no damage.
You hit the ice beast.
You bite the ice beast, but do no damage.
The ice beast is almost dead.
The ice beast hits you.
* * * LOW HITPOINT WARNING * * *
The ice beast freezes you!
You die...

######## #......# ##
#......# #.
#......###########.
+./....+..........>
####......###....####.
#.#....@............#
#.
.......Y#######.###.#
#)
..#.##..#.........#.#
#( . #.
#....#####.#.#.###. #
#....# #.#.).....
#.....# #.#.#.####
#.....#####.###.#
...............#.###
#.......#####.#.#...#


You could see an ice beast.

Vanquished Creatures
  Nergalle (D:10)
  Psyche (D:8)
  2 trolls
  A vampire (D:9)
  Menkaure (D:5)
  Edmund (D:4)
  2 ice beasts (D:8)
  A sky beast (D:7)
  2 orc warriors
  A phantom (D:7)
  7 ogres
  3 centaurs
  A big kobold (D:7)
  Blork the orc (D:5)
  2 bullfrogs
  A wyvern zombie (D:6)
  4 scorpions
  9 wights
  6 electric eels (D:6)
  2 howler monkeys
  A centaur zombie (D:5)
  A jelly (D:8)
  5 hounds
  3 bullfrog skeletons
  5 orc priests
  6 orc wizards
  2 centaur skeletons
  2 iguanas
  10 worker ants
  A killer bee zombie (D:6)
  A hound skeleton (D:4)
  2 worker ant zombies
  A howler monkey zombie (D:7)
  5 gnolls (D:6)
  7 adders
  2 shadow imps (D:9)
  3 white imps
  An ufetubus (D:5)
  An ooze (D:3)
  2 adder skeletons
  2 worms
  A dart slug (D:4)
  2 leopard geckos
  41 orcs
  2 ball pythons
  7 giant cockroaches
  8 goblins
  6 hobgoblins
  13 jackals
  17 kobolds
  5 quokkas
  10 bats
  7 frilled lizards
  A jackal zombie (D:5)
  2 leopard gecko skeletons
  A leopard gecko zombie (D:5)
  5 rats
240 creatures vanquished.

Vanquished Creatures (collateral kills)
  A sky beast (D:8)
  A black bear (D:9)
  2 orc priests (D:8)
  An orc wizard (D:8)
  An iguana (D:9)
  3 orcs (D:8)
9 creatures vanquished.

Vanquished Creatures (others)
  A ball python (D:2)
  5 plants (D:6)
6 creatures vanquished.

Grand Total: 255 creatures vanquished

Notes
Turn   | Place    | Note
-------+----------+-------------------------------------------
     0 | D:1      | lunkers the Vampire Ice Elementalist began the quest for
                  | the Orb.
     0 | D:1      | Reached XP level 1. HP: 13/13 MP: 3/3
   307 | D:1      | Reached XP level 2. HP: 19/19 MP: 3/5
   956 | D:1      | Reached XP level 3. HP: 24/24 MP: 4/6
  1271 | D:2      | Reached skill level 5 in Ice Magic
  1742 | D:2      | Found a hide-covered altar of Uskayaw.
  1885 | D:2      | Reached XP level 4. HP: 29/30 MP: 4/8
  1969 | D:2      | Learned a level 3 spell: Frozen Ramparts
  1973 | D:2      | Learned a level 3 spell: Ozocubu's Armour
  3080 | D:3      | Reached XP level 5. HP: 35/35 MP: 7/9
  3126 | D:4      | Noticed Edmund
  3132 | D:4      | Killed Edmund
  3132 | D:4      | Reached skill level 6 in Ice Magic
  3227 | D:4      | Reached XP level 6. HP: 41/41 MP: 7/11
  3420 | D:4      | Reached skill level 7 in Ice Magic
  3557 | D:4      | Found a snail-covered altar of Cheibriados.
  3610 | D:4      | Found a runed translucent door.
  3621 | D:4      | Reached XP level 7. HP: 39/46 MP: 13/13
  3778 | D:4      | Noticed Demosthentine's ghost (novice FoFi)
  4146 | D:4      | Found a shimmering blue altar of Sif Muna.
  4151 | D:4      | Found an opulent altar of Gozag.
  4167 | D:4      | Found a glowing golden altar of the Shining One.
  4228 | D:4      | Noticed a yak
  4238 | D:5      | Entered Level 5 of the Dungeon
  4396 | D:5      | Noticed Blork the orc
  4402 | D:5      | Killed Blork the orc
  4487 | D:5      | Reached skill level 8 in Ice Magic
  4515 | D:5      | Noticed Menkaure
  4524 | D:5      | Killed Menkaure
  4524 | D:5      | Reached skill level 5 in Spellcasting
  4748 | D:5      | Reached XP level 8. HP: 52/52 MP: 9/15
  4864 | D:5      | Found a staircase to the Ecumenical Temple.
  5001 | Temple   | Entered the Ecumenical Temple
  5213 | Temple   | Became a worshipper of Vehumet
  5688 | D:5      | Reached skill level 9 in Ice Magic
  6021 | D:6      | Found Zadditeth's Book Boutique.
  6515 | D:6      | Found a shimmering blue altar of Sif Muna.
  6533 | D:6      | Found a sacrificial altar of Ru.
  6533 | D:6      | Found a shimmering altar of Xom.
  6537 | D:6      | Reached * piety under Vehumet
  6537 | D:6      | Offered knowledge of Sandblast by Vehumet.
  6537 | D:6      | Reached skill level 10 in Ice Magic
  6991 | D:6      | Found a bloodstained altar of Trog.
  6992 | D:6      | Found an iron altar of Okawaru.
  7186 | D:6      | Learned a level 4 spell: Summon Ice Beast
  7287 | D:6      | Noticed a troll
  7296 | D:6      | Killed a troll
  7296 | D:6      | Reached XP level 9. HP: 17/57 MP: 8/18
  7895 | D:7      | Reached skill level 11 in Ice Magic
  8582 | D:8      | Noticed Psyche
  8591 | D:8      | Killed Psyche
  8944 | D:8      | Reached ** piety under Vehumet
  8944 | D:8      | Offered knowledge of Shock by Vehumet.
  8969 | D:8      | Reached skill level 12 in Ice Magic
  9301 | D:8      | Reached XP level 10. HP: 63/63 MP: 10/21
  9431 | D:8      | Found a white marble altar of Elyvilon.
  9926 | D:9      | Found a broken altar of Ashenzari.
 10362 | D:9      | Offered knowledge of Stone Arrow by Vehumet.
 10479 | D:9      | Reached *** piety under Vehumet
 10521 | D:9      | Found a staircase to the Orcish Mines.
 10631 | D:10     | Entered Level 10 of the Dungeon
 10739 | D:10     | Noticed Nergalle
 10760 | D:10     | Killed Nergalle
 10760 | D:10     | Reached skill level 13 in Ice Magic
 10903 | D:10     | Mangled by an ice beast

Illustrated notes

Levels and vault maps discovered:
D:1:      lemuel_arrival_rhombus, layout_basic
D:2:      layout_basic, lemuel_coloured_pillars_altar,
          chequers_serial_rivers_small_3, hangedman_abyss_or_decor_stabs,
          lemuel_old_faithful
D:3:      layout_loops_ring
D:4:      layout_loops_ring, kennysheep_slug_shrine,
          minmay_overflow_temple_star_quad, ebering_ghost_inner_flame,
          uniq_edmund
D:5:      kennysheep_spiral_hall, layout_basic, minmay_temple_entry_butterflies,
          minivault_1, minmay_misc_feat_columns, uniq_menkaure,
          uniq_blork_the_orc
D:6:      cheibrodos_two_vegetables, layout_basic,
          grunt_temple_overflow_bloody_war, nicolae_overflow_hidden_temple,
          basic_altar, serial_shops, shop
D:7:      layout_basic
D:8:      layout_loops_corners, elyvilon_altar_3, uniq_psyche
D:9:      layout_roguey, lemuel_doored_altar, hiddenorc1_lemuel
D:10:     layout_basic, uniq_nergalle
Temple:   jpeg_temple_alley_garden

Skill      XL: |  1  2  3  4  5  6  7  8  9 10 |
---------------+-------------------------------+-----
Ice Magic      | 5 6 7 8 10 12 13 | 13.1
Spellcasting   | 3 4 5 6 7 8 |  8.6
Dodging        | |  2.1
Stealth        | |  3.0

Action                   |  1- 3 |  4- 6 |  7- 9 | 10-12 || total
-------------------------+-------+-------+-------+-------++-------
Melee: Hand axe          |       |    21 |   107 |       ||   128
       Unarmed           |       |     4 |       |       ||     4
       Bite              |       |     3 |    21 |    12 ||    36
       Long sword        |       |       |   100 |    82 ||   182
 Cast: Freeze            |    66 |    69 |   140 |    21 ||   296
       Frozen Ramparts   |       |     4 |    19 |    13 ||    36
       Ozocubu's Armour  |       |     1 |    10 |     5 ||    16
       Summon Ice Beast  |       |       |     5 |     8 ||    13
Evoke: Wand              |       |       |    10 |       ||    10
  Use: Scroll            |     4 |       |     7 |       ||    11
       Potion            |       |       |       |     1 ||     1
 Stab: Sleeping          |       |       |       |     2 ||     2
Armor: Robe              |    15 |    22 |    72 |       ||   109
       Troll leather arm |       |       |    40 |    47 ||    87
       Skin              |       |       |       |     1 ||     1
Dodge: Dodged            |    32 |    51 |   220 |    75 ||   378
       Rpst.: Long sword |       |       |    28 |    24 ||    52

Table legend: (Time is in decaauts)
 A = Elapsed time spent in this place.
 B = Non-inter-level travel time spent in this place.
 C = Inter-level travel time spent in this place.
 D = Time resting spent in this place.
 E = Time spent auto-exploring this place.
 F = Levels seen in this place.
 G = Mean time per level.
                   A        B        C        D        E       F      G
               +--------+--------+--------+--------+--------+-----+--------+
         Total |  11047 |  10723 |    324 |    265 |   8346 |  11 | 1004.3 |
       Dungeon |  10797 |  10473 |    324 |    265 |   8159 |  10 | 1079.7 |
        Temple |    249 |    249 |      0 |      0 |    187 |   1 |  249.0 |
               +--------+--------+--------+--------+--------+-----+--------+

Top non-repeatable levels by time:
     D:6: 2012 daAuts
     D:5: 1397 daAuts
     D:8: 1166 daAuts
     D:1: 1129 daAuts
     D:4: 1128 daAuts
     D:3: 1045 daAuts
     D:9: 1027 daAuts
     D:2: 958 daAuts
     D:7: 654 daAuts
    D:10: 278 daAuts
  Temple: 249 daAuts
